 Dungeon Crawl Stone Soup version 0.30-a0-250-g41c1d76940 (webtiles) character file.

Game seed: 363558101782456572

11930 NinjaNoafa the Grappler (level 11, -5/109 HPs)
             Began as a Troll Monk on Oct 12, 2022.
             Slain by a cane toad (15 damage)
             ... on level 1 of the Lair of Beasts.
             The game lasted 00:25:31 (9813 turns).

NinjaNoafa the Grappler (Troll Monk)                Turns: 9813, Time: 00:25:32

Health: -5/109     AC: 10    Str: 29    XL:     11   Next: 55%
Magic:  10/10      EV: 11    Int:  5    God:
Gold:   1034       SH:  0    Dex: 11    Spells: 10/10 levels left

rFire   + + .      SeeInvis .      - Unarmed
rCold   + . .      Faith    +    (no shield)
rNeg    . . .      Spirit   .    B - +4 troll leather armour
rPois   .          Reflect  .    (helmet restricted)
rElec   .          Harm     .    a - scarf {rC+ rF+}
rCorr   +          Rampage  .    (gloves unavailable)
Will    .....                    (boots unavailable)
Stlth   +.........               H - amulet of faith
HPRegen 1.98/turn                y - ring of resist corrosion
MPRegen 0.12/turn                I - ring of protection from fire

@: hasted, very quick
A: large, unfitting armour, claws 3, regeneration 1, shaggy fur 1, tough skin 1,
strong 1
a: no special abilities


You were on level 1 of the Lair of Beasts.
You visited 3 branches of the dungeon, and saw 13 of its levels.
You also visited: Sewer.

You collected 1167 gold pieces.
You spent 133 gold pieces at shops.

Inventory:

Missiles
 e - 126 stones
 t - 24 poisoned darts
 E - 15 boomerangs
 M - 3 large rocks (quivered)
 N - a curare-tipped dart
Armour
 a - a scarf of resistance (worn)
 B - a +4 troll leather armour (worn)
Jewellery
 v - a ring of see invisible
 y - a ring of resist corrosion (left claw)
 G - a ring of protection from cold
 H - an amulet of faith (around neck)
 I - a ring of protection from fire (right claw)
Wands
 u - a wand of flame (18)
 D - a wand of polymorph (18)
 K - a wand of digging (6)
 P - a wand of quicksilver (8)
Scrolls
 b - a scroll of magic mapping
 c - 2 scrolls of vulnerability
 f - 7 scrolls of teleportation
 j - 2 scrolls of fog
 k - 4 scrolls of enchant armour
 m - 2 scrolls of poison
 n - a scroll of acquirement {unknown}
 o - 3 scrolls of fear {unknown}
 q - 3 scrolls of immolation {unknown}
 r - 2 scrolls of blinking
 L - 3 scrolls of amnesia {unknown}
 O - a scroll of summoning {unknown}
Potions
 d - a potion of lignification
 g - 6 potions of degeneration
 h - 15 potions of curing
 i - 4 potions of haste
 p - 2 potions of invisibility
 s - 4 potions of attraction
 w - 2 potions of heal wounds
 z - a potion of flight


   Skills:
 - Level 7.0 Fighting
 + Level 3.5 Throwing
 - Level 5.0 Armour
 - Level 5.0 Dodging
 - Level 1.0 Stealth
 - Level 13.0 Unarmed Combat
 - Level 5.0 Evocations


You had 10 spell levels left.
You didn't know any spells.
Your spell library contained the following spells:

 Spells                   Type           Power      Damage    Failure   Level
 Foxfire                  Conj/Fire      0%         2x1d4     52%         1
 Freeze                   Ice            0%         1d3       52%         1
 Necrotise                Necr           0%         1d4       52%         1
 Slow                     Hex            0%         N/A       52%         1
 Sting                    Tmut/Pois      0%         1d3       52%         1
 Confusing Touch          Hex            0%         N/A       87%         3
 Frozen Ramparts          Ice            0%         1d1       87%         3
 Hailstorm                Conj/Ice       0%         3d3       87%         3
 Ozocubu's Armour         Ice            0%         N/A       87%         3
 Vampiric Draining        Necr           0%         2d6       87%         3
 Ice Form                 Ice/Tmut       0%         N/A       99%         4
 Summon Ice Beast         Ice/Summ       0%         N/A       99%         4
 Agony                    Necr           0%         N/A       100%        5
 Borgnjor's Vile Clutch   Necr/Erth      0%         N/A       100%        5
 Fireball                 Conj/Fire      0%         3d3       100%        5
 Simulacrum               Ice/Necr       0%         N/A       100%        6
 Starburst                Conj/Fire      0%         6d3       100%        6
 Ozocubu's Refrigeration  Ice            0%         4d7       100%        7


Dungeon Overview and Level Annotations

Branches:
Dungeon (11/15)            Temple (1/1) D:4            Lair (1/5) D:8
    Orc (0/2) D:11          Sewer (visited)

Altars:
Ashenzari
Cheibriados
Dithmenos
Elyvilon
Fedhas
Gozag
Hepliaklqana
Kikubaaqudgha
Makhleb
Nemelex Xobeh
Okawaru
Qazlal
Ru
Sif Muna
Trog
Uskayaw
Vehumet
Wu Jian
Xom
Yredelemnul
Zin
The Shining One

Shops:
D:2 :   D:6 (*   D:10 *

Annotations:
D:10 3 runed translucent doors, SirDiesAlot's ghost, journeyman TrBe


Innate Abilities, Weirdness & Mutations

You are too large for most types of armour.
You have claws for hands.
Your natural rate of healing is unusually fast.
You are covered in fur. (AC +1)
You have tough skin. (AC +1)
Your muscles are strong. (Str +4, Int/Dex -1)


Message History

The cane toad attacks as you move away! The cane toad stings you!
You are poisoned.
The cane toad poisons you!
The komodo dragon attacks as you move away!
The komodo dragon barely misses you.
You feel very sick. The cane toad stings you!
You closely miss the cane toad.
You feel sick. The komodo dragon bites you.
You barely miss the cane toad.
You feel very sick. The cane toad stings you.
You are more poisoned.
The cane toad poisons you! The komodo dragon bites you.
You closely miss the cane toad. Your claw misses the cane toad.
You feel very sick. The cane toad stings you.
You closely miss the cane toad.
You feel very sick. The komodo dragon closely misses you.
The cane toad completely misses you.
You claw the cane toad!
The cane toad is moderately wounded.
You feel very sick. The cane toad stings you!
* * * LOW HITPOINT WARNING * * *
You are more poisoned.
The cane toad poisons you! The komodo dragon closely misses you.
You feel much better.
You feel extremely sick. The cane toad stings you.
* * * LOW HITPOINT WARNING * * *
You are more poisoned.
The cane toad poisons you! The komodo dragon bites you!!
* * * LOW HITPOINT WARNING * * *
You feel better. The cane toad stings you!
* * * LOW HITPOINT WARNING * * *
The komodo dragon closely misses you.
You feel yourself speed up.
The cane toad stings you but does no damage.
The komodo dragon barely misses you. The cane toad stings you!
You die...

............†..#
............[..##
......##.#......#
#.#......#.....##
#......>.......#
.#.#...#...###
###..####.#
#....# ### ##.@.#
#.lF## #.(.#
#((... .....#..
..♣[.......
(...........
♣...♣.# .....
(..... ......


You could see a komodo dragon and a cane toad.

Vanquished Creatures
  Erolcha (D:11)
  A boulder beetle (D:11)
  A two-headed ogre (D:9)
  An ugly thing (D:9)
  A cyclops (D:11)
  A gargoyle (D:11)
  A cane toad (Lair:1)
  A rime drake (Lair:1)
  An unseen horror (D:11)
  4 trolls
  Grinder (D:5)
  A hornet (D:11)
  6 yaks (D:10)
  Sigmund (D:5)
  A shadow (D:11)
  3 wyverns
  2 wraiths (D:11)
  2 steam dragons
  A basilisk (Lair:1)
  3 vampire mosquitoes (D:10)
  An acid dragon (D:11)
  Edmund (D:5)
  5 water moccasins
  Duvessa (D:7)
  An ice beast (D:6)
  6 orc warriors
  A black bear (D:4)
  5 wolves (Lair:1)
  2 ogres (D:6)
  3 centaurs (D:9)
  2 phantoms
  A kobold brigand (D:9)
  3 necrophages
  2 gnoll sergeants
  A scorpion (D:5)
  5 bullfrogs
  Dowan (D:7)
  2 howler monkeys
  A gnoll bouda (D:7)
  2 orc priests
  2 hounds
  13 orc wizards
  5 iguanas
  15 gnolls
  14 adders
  2 river rats
  A shadow imp (D:8)
  A white imp (D:5)
  2 ufetubi (D:4)
  3 worms
  41 orcs
  9 ball pythons
  5 bats (D:1)
  11 endoplasms
  3 giant cockroaches
  7 hobgoblins
  6 jackals (D:5)
  2 quokkas
  3 frilled lizards
  7 goblins
  17 kobolds
  11 rats
260 creatures vanquished.

Vanquished Creatures (others)
  An orc (D:7)
  2 plants
  4 toadstools (D:6)
7 creatures vanquished.

Grand Total: 267 creatures vanquished

Notes
Turn   | Place    | Note
-------+----------+-------------------------------------------
     0 | D:1      | NinjaNoafa the Troll Monk began the quest for the Orb.
     0 | D:1      | Reached XP level 1. HP: 22/22 MP: 0/0
   220 | D:1      | Reached XP level 2. HP: 29/29 MP: 1/1
   790 | D:2      | Found Atsakhlum's Book Emporium.
   910 | D:2      | Reached XP level 3. HP: 36/37 MP: 2/2
  1113 | D:2      | Reached skill level 4 in Unarmed Combat
  1174 | D:2      | Reached XP level 4. HP: 45/45 MP: 3/3
  1779 | D:3      | Found a shimmering blue altar of Sif Muna.
  1786 | D:3      | Found an opulent altar of Gozag.
  1981 | D:3      | Reached skill level 5 in Unarmed Combat
  2021 | D:3      | Found a glowing drain.
  2104 | Sewer    | Entered a sewer
  2129 | Sewer    | Reached XP level 5. HP: 51/53 MP: 4/4
  2323 | D:3      | Found a shadowy altar of Dithmenos.
  2357 | D:3      | Found a faded altar of an unknown god.
  2734 | D:4      | Reached skill level 6 in Unarmed Combat
  2782 | D:4      | Found a staircase to the Ecumenical Temple.
  2854 | Temple   | Entered the Ecumenical Temple
  2854 | Temple   | Found a transporter.
  2854 | Temple   | Found a transporter.
  2856 | Temple   | Found a transporter.
  2856 | Temple   | Found a transporter.
  2878 | D:4      | You fall into a shaft and drop 3 floors!
  2886 | D:7      | Reached XP level 6. HP: 61/61 MP: 5/5
  2898 | D:7      | Noticed a water moccasin
  2919 | D:7      | Killed a water moccasin
  2920 | D:7      | Reached skill level 7 in Unarmed Combat
  3083 | D:6      | Reached XP level 7. HP: 67/67 MP: 6/6
  3132 | D:5      | Entered Level 5 of the Dungeon
  3242 | D:4      | Found a sacrificial altar of Ru.
  3710 | D:5      | Found a radiant altar of Vehumet.
  3794 | D:5      | Noticed Edmund
  3815 | D:5      | Killed Edmund
  3826 | D:5      | Noticed Sigmund
  3831 | D:5      | Killed Sigmund
  3832 | D:5      | Reached skill level 8 in Unarmed Combat
  3931 | D:5      | Reached skill level 5 in Fighting
  3931 | D:5      | Reached XP level 8. HP: 80/80 MP: 7/7
  4328 | D:5      | Noticed Grinder
  4361 | D:5      | Killed Grinder
  4362 | D:5      | Reached skill level 9 in Unarmed Combat
  4606 | D:6      | Found Doudo's Antique Weapon Emporium.
  4629 | D:6      | Reached skill level 10 in Unarmed Combat
  4807 | D:6      | Reached XP level 9. HP: 57/88 MP: 8/8
  4869 | D:6      | Found Deutanoj's General Store.
  4877 | D:6      | Bought a scroll of blinking for 105 gold pieces
  4877 | D:6      | Bought a scroll of identify for 28 gold pieces
  4978 | D:6      | Gained mutation: Armour fits poorly on your strangely
                  | shaped body. [potion of mutation]
  4978 | D:6      | Gained mutation: You are partially covered in large bone
                  | plates. (SH +4) [potion of mutation]
  4979 | D:6      | Lost mutation: Armour fits poorly on your strangely shaped
                  | body. [potion of mutation]
  4979 | D:6      | Lost mutation: You are partially covered in large bone
                  | plates. (SH +4) [potion of mutation]
  4979 | D:6      | Gained mutation: You passively map a small area around you.
                  | [potion of mutation]
  5071 | D:6      | Identified the +9 shortbow of Meotua {freeze, Fly rElec rC+
                  | Stlth+}
  5457 | D:7      | Noticed Duvessa
  5457 | D:7      | Noticed Dowan
  5465 | D:7      | Killed Duvessa
  5466 | D:7      | Reached skill level 11 in Unarmed Combat
  5466 | D:7      | Reached skill level 1 in Armour
  5496 | D:7      | Killed Dowan
  6142 | D:8      | Reached skill level 12 in Unarmed Combat
  6513 | D:8      | Found a staircase to the Lair.
  6756 | D:8      | Lost mutation: You passively map a small area around you.
                  | [potion of mutation]
  6756 | D:8      | Gained mutation: You are robust. (+10% HP) [potion of
                  | mutation]
  6756 | D:8      | Gained mutation: You have a pair of small horns on your
                  | head. [potion of mutation]
  6756 | D:8      | Gained mutation: Your system is resistant to poisons.
                  | (rPois) [potion of mutation]
  6908 | D:8      | Lost mutation: You have a pair of small horns on your head.
                  | [potion of mutation]
  6908 | D:8      | Lost mutation: Your system is resistant to poisons. (rPois)
                  | [potion of mutation]
  6908 | D:8      | Lost mutation: You are robust. (+10% HP) [potion of
                  | mutation]
  6908 | D:8      | Gained mutation: You possess an exceptional clarity of
                  | mind. [potion of mutation]
  6909 | D:8      | Lost mutation: You possess an exceptional clarity of mind.
                  | [potion of mutation]
  6909 | D:8      | Gained mutation: Your muscles are strong. (Str +4, Int/Dex
                  | -1) [potion of mutation]
  7141 | D:9      | Found an ancient bone altar of Kikubaaqudgha.
  7151 | D:9      | Noticed a two-headed ogre
  7160 | D:9      | Killed a two-headed ogre
  7161 | D:9      | Reached skill level 13 in Unarmed Combat
  7161 | D:9      | Reached XP level 10. HP: 85/96 MP: 9/9
  7440 | D:9      | Noticed a red ugly thing
  7451 | D:9      | Killed a red ugly thing
  7563 | D:9      | Found a white marble altar of Elyvilon.
  7599 | D:10     | Entered Level 10 of the Dungeon
  7633 | D:10     | Reached skill level 1 in Evocations
  7792 | D:10     | Got the Quarto of Stolen Souls and Putrescence
  8216 | D:10     | Found a runed translucent gate.
  8217 | D:10     | Found a runed translucent gate.
  8218 | D:10     | Found a runed translucent gate.
  8219 | D:10     | Found an opulent altar of Gozag.
  8220 | D:10     | Found Nokleyf's Assorted Antiques.
  8220 | D:10     | Noticed a harpy
  8220 | D:10     | Noticed a deep elf pyromancer
  8220 | D:10     | Noticed SirDiesAlot's ghost (journeyman TrBe)
  8508 | D:10     | Noticed a mana viper
  8509 | D:10     | a mana viper changed into a snapping turtle
  8739 | D:11     | Noticed Erolcha
  8750 | D:11     | Killed Erolcha
  8751 | D:11     | Reached XP level 11. HP: 68/109 MP: 10/10
  8798 | D:11     | Noticed a boulder beetle
  8822 | D:11     | Killed a boulder beetle
  8823 | D:11     | Reached skill level 5 in Armour
  8823 | D:11     | Reached skill level 5 in Dodging
  9120 | D:11     | Found a staircase to the Orcish Mines.
  9179 | D:11     | Found a bloodstained altar of Trog.
  9508 | Lair:1   | Entered Level 1 of the Lair of Beasts
  9528 | Lair:1   | Reached skill level 1 in Throwing
  9625 | Lair:1   | Reached skill level 5 in Evocations
  9813 | Lair:1   | Slain by a cane toad

Illustrated notes

Levels and vault maps discovered:
D:1:      lemuel_arrival_rhombus, layout_basic, serial_forest,
          infiniplex_forest_clump_curved, infiniplex_forest_straight_2,
          infiniplex_forest_clump_double, infiniplex_forest_straight_5,
          infiniplex_forest_zigzag_1, infiniplex_forest_corner_2,
          infiniplex_forest_side_room
D:2:      layout_basic, serial_shops, shop
D:3:      layout_loops_ring, nicolae_dithmenos_shadow_blocks,
          mainiacjoe_overflow_catwalk_spiral, portal_sewer_entry_c,
          nicolae_ecumenical_snake_handling
D:4:      layout_cave_pools, nicolae_ru_awakened_eye,
          minmay_temple_entry_junction, hex_large
D:5:      layout_loops_cross, vehumet_crystals, grunt_ministairs_14,
          mrwooster_statue_mirror, minmay_statues_item,
          sigmund_edmund_badplayer, uniq_grinder
D:6:      layout_basic, serial_shops, nicolae_shop_stone, nicolae_shop_stone,
          chequers_mini_garden, minmay_gold_behind_fungi
D:7:      layout_basic, uniq_duvessa
D:8:      layout_loops_ring, lair_entry_dummy
D:9:      layout_cross, kennysheep_mini_moat, lemuel_coloured_pillars_altar
D:10:     layout_grid_maze, serial_glass, glass_columns_a, glass_columns_a,
          ebering_ghost_gozag
D:11:     layout_roguey, orc_0_dummy, tgw_trog, uniq_erolcha
Temple:   hellmonk_temple_divided_pantheon
Lair:1:   layout_cave_pods, serial_bayou_shore_b, grunt_megastairs_4

Skill      XL: |  1  2  3  4  5  6  7  8  9 10 11 |
---------------+----------------------------------+-----
Fighting       | 3 5 7 |  7.0
Unarmed Combat | 4 5 6 7 8 10 13 | 13.0
Dodging        | 3 4 5 |  5.0
Armour         | 3 4 5 |  5.0
Evocations     | 3 5 |  5.0
Throwing       | 3 |  3.5
Stealth        | |  1.0

Action                   |  1- 3 |  4- 6 |  7- 9 | 10-12 || total
-------------------------+-------+-------+-------+-------++-------
Melee: Unarmed           |    83 |   146 |   304 |   188 ||   721
       Punch             |     1 |     3 |    12 |    11 ||    27
Throw: Boomerang         |       |       |    29 |       ||    29
       Large rock        |       |       |       |    14 ||    14
Evoke: Wand              |       |       |       |    16 ||    16
  Use: Potion            |       |     1 |     9 |    11 ||    21
       Scroll            |       |       |    11 |    10 ||    21
 Stab: Sleeping          |     2 |     5 |     3 |     1 ||    11
       Invisible         |       |       |     4 |       ||     4
Armor: Robe              |    44 |    62 |    40 |       ||   146
       Troll leather arm |       |       |    97 |   110 ||   207
Dodge: Dodged            |    45 |    96 |   189 |   106 ||   436

Table legend: (Time is in decaauts)
 A = Elapsed time spent in this place.
 B = Non-inter-level travel time spent in this place.
 C = Inter-level travel time spent in this place.
 D = Time resting spent in this place.
 E = Time spent auto-exploring this place.
 F = Levels seen in this place.
 G = Mean time per level.
                   A        B        C        D        E       F      G
               +--------+--------+--------+--------+--------+-----+--------+
         Total |   9743 |   9175 |    568 |     27 |   7089 |  14 |  695.9 |
       Dungeon |   9296 |   8754 |    542 |     27 |   6810 |  11 |  845.1 |
        Temple |     36 |     11 |     25 |      0 |      2 |   1 |   36.0 |
          Lair |    309 |    309 |      0 |      0 |    227 |   1 |  309.0 |
         Sewer |    100 |    100 |      0 |      0 |     50 |   1 |  100.0 |
               +--------+--------+--------+--------+--------+-----+--------+

Top non-repeatable levels by time:
     D:2: 974 daAuts
    D:10: 958 daAuts
     D:5: 914 daAuts
    D:11: 905 daAuts
     D:6: 898 daAuts
     D:8: 893 daAuts
     D:3: 879 daAuts
     D:7: 828 daAuts
     D:1: 750 daAuts
     D:9: 664 daAuts
     D:4: 630 daAuts
  Lair:1: 309 daAuts
   Sewer: 100 daAuts
  Temple: 36 daAuts
